 Seeded DCSS version 0.29.1-2-gbd0b4ee654 (webtiles) character file.

Game seed: 1 (custom seed)

21 jamestheduck25 the Digger (level 2, 0/20 HPs)
             Began as a Ghoul Earth Elementalist on Nov 15, 2022.
             Slain by a worm (7 damage)
             ... on level 2 of the Dungeon.
             The game lasted 00:02:45 (1244 turns).

jamestheduck25 the Digger (GhEE)                    Turns: 1244, Time: 00:02:46

Health: 0/20       AC:  2    Str: 11    XL:     2   Next: 83%
Magic:  4/4        EV: 12    Int: 10    God:
Gold:   121        SH:  0    Dex:  9    Spells: 4/5 levels left

rFire   . . .      SeeInvis .   f - staff of earth
rCold   + . .      Faith    .   (no shield)
rNeg    + + +      Spirit   .   a - +0 robe
rPois   ∞          Reflect  .   (no helmet)
rElec   .          Harm     .   (no cloak)
rCorr   .          Rampage  .   (no gloves)
Will    .....                   (no boots)
Stlth   ++........              e - amulet of the acrobat
HPRegen 0.00/turn               (no ring)
MPRegen 0.09/turn               (no ring)

@: inhibited regen
A: claws 1, cold resistance 1, negative energy resistance 3, inhibited
regeneration, torment resistance 2, devour on kill
a: no special abilities


You were on level 2 of the Dungeon.
You visited 1 branch of the dungeon, and saw 2 of its levels.

You collected 121 gold pieces.

Inventory:

Armour
 a - a +0 robe (worn)
Magical Staves
 f - a staff of earth (weapon)
Jewellery
 e - an amulet of the acrobat (around neck)
Potions
 b - a potion of magic
 c - a potion of flight {unknown}
 d - a potion of haste {unknown}
 g - a potion of attraction {unknown}


   Skills:
 + Level 2.0 Dodging
 + Level 2.5 Stealth
 + Level 2.0 Spellcasting
 + Level 1.2 Transmutations
 + Level 3.5 Earth Magic


You had 4 spell levels left.
You knew the following spells:

 Your Spells              Type           Power      Damage    Failure   Level
a - Sandblast             Erth           24%        2d8       8%          1

Your spell library contained the following spells:

 Spells                   Type           Power      Damage    Failure   Level
 Passwall                 Tmut/Erth      6%         N/A       19%         2
 Stone Arrow              Conj/Erth      12%        3d7       41%         3
 Petrify                  Tmut/Erth      8%         N/A       75%         4


Dungeon Overview and Level Annotations

Branches:
Dungeon (2/15)

Altars:


Innate Abilities, Weirdness & Mutations

You are immune to poison.
You have sharp fingernails.
Your flesh is cold resistant. (rC+)
You are immune to negative energy. (rN+++)
You do not regenerate when monsters are visible.
You are immune to unholy pain and torment.
You thrive by killing the living.


Message History

(D) Dungeon
Where to? (? - help)
What level of the Dungeon? (default 1, ? - help)
There is a stone staircase leading down here.
You climb downwards.
There is a stone staircase leading up here.
A worm comes into view.
Found a stone staircase leading down.
You hit the worm.
You shatter the worm.
The worm is moderately wounded.
The worm bites you!
Ouch! That really hurt!
You hit the worm.
The worm is heavily wounded.
You hit the worm.
The worm is severely wounded.
The worm closely misses you.
You hit the worm.
The worm is severely wounded.
The worm barely misses you.
You hit the worm but do no damage.
The worm is heavily wounded.
The worm barely misses you.
You hit the worm.
The worm is severely wounded.
You barely miss the worm.
The worm is severely wounded.
The worm bites you.
You hit the worm but do no damage.
The worm is severely wounded.
The worm closely misses you.
You hit the worm.
The worm is severely wounded.
You hit the worm.
The worm is almost dead.
The worm misses you.
You barely miss the worm.
The worm is almost dead.
The worm bites you!
You die...

# ##.#
.....##
#######
#..w#......>
#@# #.####.#
#...<..#
########


You could see a worm.

Vanquished Creatures
  4 endoplasms (D:1)
  A giant cockroach (D:1)
  4 goblins (D:1)
  2 hobgoblins (D:1)
  A kobold (D:1)
  A quokka (D:1)
  A bat (D:1)
  3 rats (D:1)
17 creatures vanquished.

Notes
Turn   | Place    | Note
-------+----------+-------------------------------------------
     0 | D:1      | jamestheduck25 the Ghoul Earth Elementalist began the quest
                  | for the Orb.
     0 | D:1      | Reached XP level 1. HP: 14/14 MP: 2/2
   112 | D:1      | Reached skill level 1 in Transmutations
   447 | D:1      | Reached XP level 2. HP: 20/20 MP: 3/3
   555 | D:1      | Identified a scroll of acquirement
   555 | D:1      | Acquired a staff of earth
  1244 | D:2      | Slain by a worm

Illustrated notes

Levels and vault maps discovered:
D:1:      dpeg_arrival_three_smaller_balls, layout_basic
D:2:      layout_loops_ring

Skill      XL: |  1  2 |
---------------+-------+-----
Transmutations | 1 |  1.2
Dodging        | 2 |  2.0
Spellcasting   | 2 |  2.0
Stealth        | |  2.5
Earth Magic    | |  3.5

Action                   || total
-------------------------++-------
Melee: Unarmed           ||    41
       Staff             ||    17
       Punch             ||     1
 Cast: Sandblast         ||     6
  Use: Scroll            ||     1
 Stab: Sleeping          ||     1
Armor: Robe              ||     5
Dodge: Dodged            ||    30
